 Dungeon Crawl Stone Soup version 0.21-a0-79-g04744e2 (webtiles) character file.

374 xgamer67 the Grave Robber (level 6, -2/49 HPs)
             Began as a Deep Dwarf Necromancer on June 23, 2017.
             Slain by a gnoll
             ... wielding a +0 halberd
              (11 damage)
             ... on level 4 of the Dungeon.
             The game lasted 00:11:49 (3191 turns).

xgamer67 the Grave Robber (Deep Dwarf Necromancer)  Turns: 3191, Time: 00:11:49

Health: -2/49      AC:  5    Str: 14    XL:     6   Next: 43%
Magic:  0/9        EV: 12    Int: 15    God:
Gold:   127        SH:  0    Dex: 13    Spells: 1/9 levels left

rFire    . . .     SeeInvis .   a - +1 hand axe (venom)
rCold    + . .     Gourm    +   (no shield)
rNeg     . . .     Faith    .   u - +1 leather armour {MR+}
rPois    .         Spirit   .   (no helmet)
rElec    .         Reflect  .   k - +0 cloak
rCorr    .         Harm     .   (no gloves)
MR       +....                  (no boots)
Stlth    ++........             h - amulet of the gourmand
HPRegen  0.00/turn              d - ring of protection from cold
MPRegen  0.11/turn              (no ring)

@: non-regenerating
A: damage resistance, heal wounds, sense surroundings 1, no regeneration
a: Heal Wounds


You were on level 4 of the Dungeon.
You were completely stuffed.

You visited 1 branch of the dungeon, and saw 4 of its levels.

You collected 127 gold pieces.

Inventory:

Hand Weapons
 a - a +1 hand axe of venom (weapon)
Armour
 k - a +0 cloak (worn)
 u - a +1 leather armour of magic resistance (worn)
Jewellery
 d - a ring of protection from cold (left hand)
 h - an amulet of the gourmand (around neck)
Wands
 f - a wand of digging (22/24)
Scrolls
 i - 5 scrolls of remove curse
 v - a scroll of teleportation
Potions
 e - a potion of invisibility
 g - a potion of brilliance {unknown}
 o - a potion of curing {unknown}
 q - a potion of might {unknown}
 r - 2 potions of heal wounds
 s - a potion of haste {unknown}
Books
 b - a book of Necromancy

   Spells                             Type                      Level
   a - Pain                           Necromancy                   1
   b - Animate Skeleton               Necromancy                   1
   c - Vampiric Draining              Necromancy                   3
   d - Regeneration                   Charms/Necromancy            3
   e - Animate Dead                   Necromancy                   4
   f - Control Undead                 Necromancy                   4
Comestibles
 c - 3 bread rations
 j - 4 chunks of flesh
 m - a meat ration
 n - 3 fruits


   Skills:
 * Level 3.7 Axes
 - Level 2.1 Dodging
 - Level 2.4 Stealth
 - Level 2.0 Spellcasting
 + Level 7.4 Necromancy


You had one spell level left.
You knew the following spells:

 Your Spells              Type           Power        Failure   Level  Hunger
a - Pain                  Necr           ###.         1%          1    #......
b - Vampiric Draining     Necr           ###.......   4%          3    ###....
d - Animate Dead          Necr           N/A          13%         4    #####..


Dungeon Overview and Level Annotations

Branches:
Dungeon (4/15)
 Temple: D:4-7

Altars:
Xom


Innate Abilities, Weirdness & Mutations

You are resistant to damage.
You can heal yourself by infusing magical energy.
You passively map a small area around you.
You do not regenerate.


Message History

There is an open door, spattered with blood here.
Things that are here:
a club; a whip; a hobgoblin corpse
Casting: Vampiric Draining
Confirm with . or Enter, or press ? or * to list all spells.
Aiming: Vampiric Draining
Press: ? - help, Shift-Dir - straight line, f - gnoll
Aim: a gnoll, wielding a halberd The gnoll is heavily wounded.
You feel life coursing into your body.
You closely miss the gnoll.
The gnoll is heavily wounded.
The gnoll hits you with a halberd!
* * * LOW HITPOINT WARNING * * *
Evoke which item? (* to show all) (? for menu, Esc to quit)
Okay, then.
You closely miss the gnoll.
The gnoll is heavily wounded.
The gnoll hits you with a halberd!
You die...

* ###+####.# ,*, ,
* #.# *, , #.#* *
* # ** #.# *
.(.,,,, #.#
###..######.#####*
*
................#
###..####....##.#
* + #.g@....# , *
#..#....# ,
#..#†...# * *
#+###...# , , *
#†..#*, * *, , ,
#...#*,* #...# * ,
..... * * , ,
....##


You could see a gnoll.

Vanquished Creatures
  4 crimson imps (D:3)
  2 hounds (D:4)
  Ijyb (D:3)
  5 adders
  3 gnolls (D:2)
  An ooze (D:2)
  2 dart slugs (D:1)
  3 leopard geckos
  4 orcs
  2 giant cockroaches
  9 goblins
  8 hobgoblins
  7 jackals
  4 kobolds
  A quokka (D:4)
  8 bats
  3 frilled lizards
  7 rats
74 creatures vanquished.

Notes
Turn   | Place    | Note
-------+----------+-------------------------------------------
     0 | D:1      | xgamer67 the Deep Dwarf Necromancer began the quest for the Orb.
     0 | D:1      | Reached XP level 1. HP: 15/15 MP: 3/3
   124 | D:1      | Learned a level 1 spell: Animate Skeleton
   662 | D:1      | Reached XP level 2. HP: 19/22 MP: 1/5
   880 | D:1      | Reached skill level 5 in Necromancy
  1232 | D:1      | Reached XP level 3. HP: 14/28 MP: 6/6
  1269 | D:2      | Learned a level 3 spell: Vampiric Draining
  1746 | D:2      | Reached skill level 6 in Necromancy
  1746 | D:2      | Reached XP level 4. HP: 29/36 MP: 2/7
  2293 | D:3      | Noticed Ijyb
  2316 | D:3      | Killed Ijyb
  2316 | D:3      | Reached skill level 1 in Axes
  2316 | D:3      | Reached XP level 5. HP: 21/42 MP: 1/8
  2747 | D:3      | Found a shimmering altar of Xom.
  2758 | D:3      | Paralysed by a crimson imp for 2 turns
  2787 | D:3      | Reached skill level 7 in Necromancy
  2899 | D:3      | Reached XP level 6. HP: 18/49 MP: 5/9
  2905 | D:3      | Learned a level 4 spell: Animate Dead
  3191 | D:4      | Slain by a gnoll

Vault maps used:
D:1:      dpeg_arrival_more_subterranean_lakeside_camping, minmay_heptomino_o4
D:3:      led_xom_imps, uniq_ijyb
D:4:      corexii_shantytown, uniq_pikel, uniq_robin

Skill      XL: |  1  2  3  4  5 |
---------------+----------------+-----
Spellcasting   | 2 |  2.0
Necromancy     | 5 6 7 |  7.4
Axes           | 1 3 |  3.7
Dodging        | |  2.1
Stealth        | |  2.4

Action                   |  1- 3 |  4- 6 || total
-------------------------+-------+-------++-------
Melee: Dagger            |   122 |    12 ||   134
       Hand axe          |       |   134 ||   134
 Cast: Pain              |    17 |    17 ||    34
       Vampiric Draining |    10 |    18 ||    28
  Use: Scroll            |       |     9 ||     9
 Stab: Sleeping          |     2 |     1 ||     3
  Eat: Chunk             |     3 |    26 ||    29
Armor: Leather armour    |    35 |    45 ||    80
Dodge: Dodged            |    70 |    92 ||   162
